 Dungeon Crawl Stone Soup version 0.30-a0-141-g30f27751c5 (webtiles) character file.

Game seed: 1186064435915591923

382 qw the Chopper (level 6, -1/38 HPs)
             Began as a Gargoyle Fighter on Sept 25, 2022.
             Slain by an ice beast (5 damage)
             ... on level 4 of the Dungeon.
             The game lasted 00:01:30 (3752 turns).

qw the Chopper (Gargoyle Fighter)                   Turns: 3752, Time: 00:01:31

Health: -1/38      AC: 24    Str: 21    XL:     6   Next: 76%
Magic:  6/6        EV:  7    Int:  9    God:
Gold:   151        SH:  4    Dex:  9    Spells: 5/5 levels left

rFire   + . .      SeeInvis .    Y - +0 war axe (protect)
rCold   . . .      Faith    .    c - +0 buckler
rNeg    + . .      Spirit   .    s - +0 chain mail
rPois   inf        Reflect  .    (no helmet)
rElec   +          Harm     .    (no cloak)
rCorr   .          Rampage  .    (no gloves)
Will    .....                    (no boots)
Stlth   ..........               (no amulet)
HPRegen 0.12/turn                e - +4 ring of protection
MPRegen 0.10/turn                o - ring of protection from fire

@: under a protective aura
A: sickness immunity, AC +4, negative energy resistance 1, electricity
resistance, torment resistance 1, petrification resistance
a: no special abilities


You were on level 4 of the Dungeon.
You visited 1 branch of the dungeon, and saw 5 of its levels.

You collected 151 gold pieces.


Innate Abilities, Weirdness & Mutations

You are immune to sickness and miasma.
Your stone body is resilient. (AC +4)
You are immune to poison.
You resist negative energy. (rN+)
You are resistant to electric shocks. (rElec)
You are resistant to unholy torment.
You are immune to petrification.


   Skills:
 - Level 4.0 Fighting
 + Level 5.4 Axes
 - Level 3.2 Armour
 - Level 2.0 Dodging
 - Level 3.2 Shields


You had 5 spell levels left.
You didn't know any spells.
Your spell library was empty.

Inventory:

Hand Weapons
 f - a +0 whip
 Y - a +0 war axe of protection (weapon)
Armour
 c - a +0 buckler (worn)
 s - a +0 chain mail (worn)
Jewellery
 e - a +4 ring of protection (left hand)
 k - a +6 ring of dexterity
 o - a ring of protection from fire (right hand)
Scrolls
 i - a scroll of enchant armour
 n - a scroll of identify
Potions
 d - a potion of might
 g - a potion of lignification
 h - a potion of cancellation
 j - 2 potions of curing
 l - a potion of heal wounds {unknown}
 m - a potion of haste {unknown}
 p - a potion of resistance {unknown}

Dungeon Overview and Level Annotations

Branches:
Dungeon (5/15)
 Temple: D:4-7

Altars:
Dithmenos
Kikubaaqudgha
Qazlal

Shops:
D:1 ?!


Message History

You slash the iguana! The ice beast hits you. The ice beast freezes you!
The iguana bites you but does no damage.
You hit the ice beast.
The ice beast is heavily wounded.
You hit the iguana.
The ice beast hits you but does no damage.
The iguana bites you but does no damage.
The ice beast barely misses you. The iguana bites you!
You barely miss the iguana.
The iguana is severely wounded.
You barely miss the ice beast.
The ice beast hits you but does no damage.
The iguana bites you but does no damage.
You completely miss the iguana.
The iguana is severely wounded.
You hit the ice beast. The ice beast closely misses you.
The iguana bites you but does no damage.
You hit the ice beast.
The ice beast is severely wounded.
You hit the iguana but do no damage.
The ice beast hits you but does no damage.
The iguana bites you but does no damage.
You barely miss the ice beast.
The ice beast is severely wounded.
You barely miss the iguana.
The ice beast hits you but does no damage.
The iguana bites you but does no damage.
The ice beast hits you but does no damage.
The iguana bites you but does no damage.
You barely miss the ice beast.
The ice beast is severely wounded.
You slash the iguana!
You kill the iguana!
The ice beast barely misses you.
You barely miss the ice beast.
The ice beast is severely wounded.
The ice beast hits you. The ice beast freezes you.
You die...

..#.....#...............###
..#...........###..#......#
...##.........# #..#.....##
..[...........####........#
....##.........#.#........###
.......##...##..............#
......##...##...##........###
#......#....##...Y.......##
###....#...###.#@%........#
##.........###.#..........#
.................##.......#
........###.............###
.#.>....##...............#
##...............##.....##
##......#.............###
.##....#####..##......##
.......####...###....!.#


You could see an ice beast.

Vanquished Creatures
  An ogre (D:4)
  A necrophage (D:4)
  A scorpion (D:2)
  An iguana (D:4)
  7 adders
  2 worms (D:3)
  6 dart slugs
  4 orcs
  4 bats
  6 endoplasms
  5 giant cockroaches (D:1)
  7 goblins
  7 hobgoblins
  2 jackals (D:4)
  A quokka (D:1)
  8 ball pythons
  5 frilled lizards
  13 kobolds
  4 rats
85 creatures vanquished.

Vanquished Creatures (others)
  A withered plant (D:4)
1 creature vanquished.

Grand Total: 86 creatures vanquished

Notes
Turn   | Place    | Note
-------+----------+-------------------------------------------
     0 | D:1      | qw the Gargoyle Fighter began the quest for the Orb.
     0 | D:1      | Reached XP level 1. HP: 14/14 MP: 1/1
     0 | D:1      | 0 ||| qw: Version: 0.2-a-10-g399e6c4
     0 | D:1      | 0 ||| qw: Game counter: 157
     0 | D:1      | 0 ||| qw: Always use a shield: true
     0 | D:1      | 0 ||| qw: God list: Okawaru
     0 | D:1      | 0 ||| qw: Allow faded altars: false
     0 | D:1      | 0 ||| qw: Do Orc after D:15 true
     0 | D:1      | 0 ||| qw: Do second Lair branch before Depths: true
     0 | D:1      | 0 ||| qw: Lair rune preference: random
     0 | D:1      | 0 ||| qw: Plans: Normal, Zot:1-4, God:TSO, Crypt, Tomb,
                  | Pan, Slime:5, Hells, Abyss, Orb
     0 | D:1      | 0 ||| PLANNING D:1-11
    40 | D:1      | 40 ||| Stepping ~*~*~tactically~*~*~ (stealth).
    45 | D:1      | Reached skill level 2 in Axes
    47 | D:1      | 47 ||| Stepping ~*~*~tactically~*~*~ (stealth).
    76 | D:1      | Reached XP level 2. HP: 14/19 MP: 2/2
   169 | D:1      | Found Otzitzus's Distillery.
   199 | D:1      | 199 ||| SHOPLISTING 2 potions of attraction (78 gold, have
                  | 6).
   199 | D:1      | 199 ||| SHOPLISTING potion of curing (39 gold, have 6).
   199 | D:1      | 199 ||| SHOPLISTING potion of heal wounds (65 gold, have
                  | 6).
   199 | D:1      | 199 ||| Stepping ~*~*~tactically~*~*~ (hiding).
   296 | D:1      | Reached skill level 3 in Axes
   415 | D:1      | Reached XP level 3. HP: 23/23 MP: 3/3
   662 | D:1      | 662 ||| Stepping ~*~*~tactically~*~*~ (stealth).
   681 | D:1      | 681 ||| Stepping ~*~*~tactically~*~*~ (stealth).
   700 | D:1      | Found a faded altar of an unknown god.
   872 | D:1      | 872 ||| Stepping ~*~*~tactically~*~*~ (hiding).
   980 | D:1      | Found Teges's Magic Scroll Shop.
   991 | D:1      | 991 ||| SHOPLISTING 3 scrolls of brand weapon (342 gold,
                  | have 6).
   991 | D:1      | 991 ||| SHOPLISTING scroll of enchant armour (90 gold, have
                  | 6).
   991 | D:1      | 991 ||| SHOPLISTING scroll of identify (24 gold, have 6).
  1023 | D:1      | 1023 ||| DROPPING amulet of magic regeneration.
  1024 | D:1      | 1024 ||| UPGRADING to +4 ring of protection.
  1025 | D:1      | 1025 ||| READING 2 scrolls labelled YTAELUX SAWE.
  1026 | D:1      | 1026 ||| DROPPING scroll of blinking.
  1057 | D:2      | 1057 ||| STAIRDANCE
  1089 | D:2      | 1089 ||| STAIRDANCE
  1352 | D:2      | Reached XP level 4. HP: 28/28 MP: 4/4
  1364 | D:2      | Noticed a scorpion
  1368 | D:2      | 1368 ||| Stepping ~*~*~tactically~*~*~ (stealth).
  1375 | D:2      | Killed a scorpion
  1376 | D:2      | Reached skill level 4 in Axes
  1379 | D:2      | Reached XP level 5. HP: 22/32 MP: 5/5
  1434 | D:2      | 1434 ||| FLEEEEING.
  1488 | D:2      | 1488 ||| Stepping ~*~*~tactically~*~*~ (stealth).
  1706 | D:2      | 1706 ||| Stepping ~*~*~tactically~*~*~ (hiding).
  1711 | D:2      | 1711 ||| Stepping ~*~*~tactically~*~*~ (hiding).
  1936 | D:2      | 1936 ||| Stepping ~*~*~tactically~*~*~ (hiding).
  2193 | D:2      | Found a stormy altar of Qazlal.
  2204 | D:2      | 2204 ||| READING scroll labelled DUELEH OGHEEPN.
  2205 | D:2      | 2205 ||| READING scroll labelled GOS ZIBLUU.
  2206 | D:2      | 2206 ||| DRINKING 2 lumpy brown potions.
  2247 | D:3      | Reached skill level 5 in Axes
  2267 | D:3      | Found a shadowy altar of Dithmenos.
  2289 | D:3      | 2289 ||| Stepping ~*~*~tactically~*~*~ (stealth).
  2291 | D:3      | 2291 ||| Stepping ~*~*~tactically~*~*~ (stealth).
  2295 | D:3      | 2295 ||| Stepping ~*~*~tactically~*~*~ (stealth).
  2298 | D:3      | 2298 ||| Stepping ~*~*~tactically~*~*~ (stealth).
  2299 | D:3      | 2299 ||| Stepping ~*~*~tactically~*~*~ (stealth).
  2301 | D:3      | 2301 ||| Stepping ~*~*~tactically~*~*~ (stealth).
  2302 | D:3      | 2302 ||| Stepping ~*~*~tactically~*~*~ (stealth).
  3012 | D:3      | 3012 ||| UPGRADING to ring of protection from fire.
  3013 | D:3      | 3013 ||| READING scroll labelled GIKONO TO MOEG.
  3014 | D:3      | 3014 ||| READING 2 scrolls labelled USODIQ MEMYI.
  3015 | D:3      | 3015 ||| DRINKING 2 yellow potions.
  3057 | D:3      | 3057 ||| DRINKING 2 sedimented golden potions.
  3058 | D:3      | 3058 ||| DROPPING potion of brilliance.
  3059 | D:3      | 3059 ||| DROPPING scroll of noise.
  3290 | D:4      | 3290 ||| Stepping ~*~*~tactically~*~*~ (hiding).
  3314 | D:4      | Found an ancient bone altar of Kikubaaqudgha.
  3325 | D:4      | Noticed an ogre
  3332 | D:4      | Killed an ogre
  3333 | D:4      | Reached XP level 6. HP: 38/38 MP: 6/6
  3459 | D:4      | 3459 ||| Stepping ~*~*~tactically~*~*~ (stealth).
  3460 | D:4      | 3460 ||| Stepping ~*~*~tactically~*~*~ (stealth).
  3466 | D:4      | 3466 ||| Stepping ~*~*~tactically~*~*~ (stealth).
  3596 | D:4      | 3596 ||| UPGRADING to +0 chain mail.
  3606 | D:4      | 3606 ||| DROPPING +0 scale mail.
  3607 | D:4      | 3607 ||| READING 2 scrolls labelled OKETOG MARAHA.
  3608 | D:4      | 3608 ||| READING scroll labelled CEH CISUIFU.
  3609 | D:4      | 3609 ||| READING scroll labelled TAXKUTT VEETA.
  3610 | D:4      | 3610 ||| READING scroll labelled KIMAOSMEIGY.
  3711 | D:4      | 3711 ||| DRINKING 3 fizzy black potions.
  3712 | D:4      | 3712 ||| READING 2 scrolls of identify.
  3712 | D:4      | 3712 ||| IDENTIFYING sedimented white potion
  3713 | D:4      | 3713 ||| DROPPING potion of degeneration.
  3723 | D:5      | Entered Level 5 of the Dungeon
  3724 | D:5      | Noticed an ice beast
  3726 | D:5      | 3726 ||| STAIRDANCE
  3739 | D:5      | 3739 ||| STAIRDANCE
  3746 | D:4      | HP: 7/38 [iguana (7)]
  3752 | D:4      | HP: 4/38 [ice beast (4)]
  3752 | D:4      | Slain by an ice beast

Levels and vault maps discovered:
D:1:      lemuel_arrival_cross, layout_basic, chequers_ecumenical_altar_island,
          serial_shops, shop, nicolae_shop_trees
D:2:      layout_rooms, basic_altar, minmay_misc_feat_more_columns,
          palyth_stone_intersect, minmay_misc_feat_x
D:3:      layout_basic, nicolae_dithmenos_shadow_blocks, minmay_pentangle
D:4:      layout_cave_pools, kiku_gazebo_garden_becter
D:5:      layout_rooms, gammafunk_ghost_necromancy, serial_bayou_crossing

Skill      XL: |  1  2  3  4  5 |
---------------+----------------+-----
Axes           | 2 3 4 5 |  5.4
Fighting       | 4 |  4.0
Dodging        | 2 |  2.0
Armour         | |  3.2
Shields        | |  3.2

Action                   |  1- 3 |  4- 6 || total
-------------------------+-------+-------++-------
Melee: War axe           |   128 |   159 ||   287
  Use: Scroll            |     1 |     9 ||    10
       Potion            |       |     4 ||     4
Armor: Scale mail        |    66 |    80 ||   146
       Chain mail        |       |    19 ||    19
Dodge: Dodged            |    63 |    76 ||   139
Block: Buckler           |    24 |    26 ||    50

Table legend:
 A = Non-vault XP
 B = Vault XP
 C = Vault XP percentage of total XP
 D = Non-vault monster count
 E = Vault monster count
 F = Vault count percentage of total count
                 A         B        C        D         E       F
            +---------+---------+-------+---------+---------+-------
      Total |     535 |      11 |   2.0 |      81 |       4 |   4.7
            +---------+---------+-------+---------+---------+-------
        D:1 |      68 |       0 |   0.0 |      30 |       0 |   0.0
        D:2 |     156 |       0 |   0.0 |      23 |       0 |   0.0
        D:3 |      39 |      11 |  22.0 |      13 |       4 |  23.5
        D:4 |     272 |       0 |   0.0 |      15 |       0 |   0.0
            +---------+---------+-------+---------+---------+-------
